 Dungeon Sprint DCSS version 0.29.1-2-gbd0b4ee654 (webtiles) character file.

Game seed: 13517548842535001719

623 boopmooplesden the Carver (level 7, -14/111 HPs)
             Began as a Minotaur Berserker on Nov 25, 2022.
             Was a Believer of Trog.
             Shot with an arrow by a centaur warrior (22 damage)
             ... in the Dungeon (Sprint I: "Red Sonja").
             The game lasted 00:01:16 (930 turns).

boopmooplesden the Carver (Minotaur Berserker)       Turns: 930, Time: 00:01:18

Health: -14/111    AC:  7    Str: 22    XL:     7   Next: 22%
Magic:  6/6        EV: 13    Int:  4    God:    Trog [**....]
Gold:   347        SH:  0    Dex: 11    Spells: 6/6 levels left

rFire   . . .      SeeInvis .   a - +0 falchion
rCold   . . .      Faith    .   (no shield)
rNeg    . . .      Spirit   .   j - +0 ring mail
rPois   .          Reflect  .   (helmet restricted)
rElec   .          Harm     .   (no cloak)
rCorr   .          Rampage  .   (no gloves)
Will    .....      NoTele   +   k - +0 pair of boots
Stlth   ..........              (no amulet)
HPRegen 0.28/turn               (no ring)
MPRegen 0.10/turn               (no ring)

@: berserking, slow
A: horns 2, retaliatory headbutt
a: Renounce Religion, Berserk, Trog's Hand


You were in the Dungeon.
You worshipped Trog.
Trog was pleased with you.
You visited 1 branch You collected 405 gold pieces.
You spent 58 gold pieces at shops.

Inventory:

Hand Weapons
 a - a +0 falchion (weapon)
Armour
 b - a +0 animal skin
 j - a +0 ring mail (worn)
 k - a +0 pair of boots (worn)
Wands
 i - a wand of polymorph (5)
Scrolls
 h - 2 scrolls of blinking
Potions
 c - a potion of curing
 d - a potion of heal wounds
 e - a potion of haste
 f - 2 potions of magic
 g - a potion of berserk rage


   Skills:
 + Level 11.6 Fighting
 + Level 12.2 Long Blades
 + Level 7.2 Armour
 + Level 6.4 Dodging
 + Level 0.6 Stealth
 + Level 0.1 Unarmed Combat


You had 6 spell levels left.
You didn't know any spells.
Your spell library was empty.

Dungeon Overview and Level Annotations

Branches:
Dungeon (1/1)

Altars:
Cheibriados
Dithmenos
Elyvilon
Fedhas
Gozag
Hepliaklqana
Kikubaaqudgha
Makhleb
Nemelex Xobeh
Okawaru
Qazlal
Ru
Sif Muna
Trog
Uskayaw
Vehumet
Wu Jian
Xom
Yredelemnul
Zin
The Shining One
Jiyva
Lugonu

Shops:
D [


Innate Abilities, Weirdness & Mutations

You have a pair of horns on your head.
You reflexively headbutt those who attack you in melee.


Message History

There is an open door, spattered with blood here.
Found a sparkling altar of Nemelex Xobeh.
There is an entrance to Anug's Armour Emporium here.
k - a +0 pair of boots Thank you for shopping at Anug's Armour Emporium!
You can access your shopping list by pressing '$'.
You start putting on your armour.
You continue putting on your +0 pair of boots. x4
You finish putting on your +0 pair of boots.
You start resting.
You start resting.
HP restored.
You start waiting.
You start waiting.
There is an open door, spattered with blood here.
You see here a book of the Tundra.
As you open the door, it creaks loudly!
A centaur warrior comes into view.
The centaur warrior moves out of view.
A centaur warrior comes into view.
Found 9 gold pieces and a scroll labelled FEYBBY DAIGREE.
The centaur warrior moves out of view.
There is an open door here.
You enter the shallow water.
Moving in this stuff is going to be slow.
The centaur warrior shouts!
The centaur warrior wields a +0 longbow.
The centaur warrior shoots an arrow.
The arrow hits you!!
The centaur warrior wields a +0 shortbow.
The centaur warrior shoots an arrow.
The arrow hits you.
The centaur warrior shoots an arrow.
The arrow hits you!
The centaur warrior shoots an arrow.
The arrow hits you!
A red film seems to cover your vision as you go berserk!
You feel yourself moving faster!
You feel mighty!
The centaur warrior shoots an arrow.
The arrow hits you!!
* * * LOW HITPOINT WARNING * * *
The centaur warrior shoots an arrow.
The arrow hits you!
* * * LOW HITPOINT WARNING * * *
The centaur warrior shoots an arrow.
The arrow hits you!!
You die...

####################
.#..'..#..'..#__#..+
.').#.)').#..'..'..#
.#####'#####'#__####
.####..#...#[####§§#
.#__####..##:#§~~.c#
.#_____##'#_.'§§@§§+
⌠#_.∩...'..._#§~§§c#
##_..__##_.#'##+####
#_____###+#.#
####### ###


You could see 2 centaur warriors.

Vanquished Creatures
  A slime creature (D)
  Sigmund (D)
  A yak (D)
  An ogre (D)
  A jelly (D)
  Ijyb (D)
6 creatures vanquished.

Notes
Turn   | Place    | Note
-------+----------+-------------------------------------------
     0 | D        | boopmooplesden the Minotaur Berserker began the quest for
                  | the Orb.
     0 | D        | Reached XP level 1. HP: 19/19 MP: 0/0
     1 | D        | Noticed Ijyb
     7 | D        | Killed Ijyb
     8 | D        | Reached skill level 5 in Fighting
     8 | D        | Reached skill level 5 in Long Blades
     8 | D        | Reached XP level 2. HP: 29/29 MP: 1/1
    72 | D        | Noticed an ogre
    75 | D        | Killed an ogre
    76 | D        | Reached skill level 7 in Long Blades
    76 | D        | Reached XP level 3. HP: 40/40 MP: 2/2
    76 | D        | Reached XP level 4. HP: 48/48 MP: 3/3
   320 | D        | Noticed Sigmund
   326 | D        | Killed Sigmund
   326 | D        | Reached ** piety under Trog
   327 | D        | Reached skill level 10 in Long Blades
   327 | D        | Reached skill level 5 in Armour
   327 | D        | Reached skill level 5 in Dodging
   327 | D        | Reached XP level 5. HP: 58/58 MP: 4/4
   327 | D        | Reached XP level 6. HP: 66/66 MP: 5/5
   376 | D        | Found a burning altar of Makhleb.
   376 | D        | Found a shimmering altar of Xom.
   376 | D        | Noticed a slime creature
   377 | D        | Found a viscous altar of Jiyva.
   377 | D        | Found a corrupted altar of Lugonu.
   392 | D        | Killed a slime creature
   393 | D        | Reached skill level 10 in Fighting
   393 | D        | Reached skill level 11 in Long Blades
   631 | D        | Found an ornate altar of the Wu Jian Council.
   631 | D        | Found a shimmering blue altar of Sif Muna.
   633 | D        | Found a radiant altar of Vehumet.
   663 | D        | Found Anug's Armour Emporium.
   663 | D        | Found an ancient bone altar of Kikubaaqudgha.
   663 | D        | Found a hazy altar of Hepliaklqana.
   663 | D        | Found a hide-covered altar of Uskayaw.
   663 | D        | Found a basalt altar of Yredelemnul.
   663 | D        | Found an opulent altar of Gozag.
   663 | D        | Found a snail-covered altar of Cheibriados.
   663 | D        | Found a sacrificial altar of Ru.
   663 | D        | Found a shadowy altar of Dithmenos.
   663 | D        | Noticed a yak
   670 | D        | Killed a yak
   671 | D        | Reached skill level 12 in Long Blades
   671 | D        | Reached XP level 7. HP: 42/74 MP: 6/6
   671 | D        | Found a stormy altar of Qazlal.
   671 | D        | Found a blossoming altar of Fedhas.
   671 | D        | Found a bloodstained altar of Trog.
   671 | D        | Found an iron altar of Okawaru.
   671 | D        | Found a glowing golden altar of the Shining One.
   671 | D        | Found a glowing silver altar of Zin.
   671 | D        | Found a white marble altar of Elyvilon.
   672 | D        | Found a sparkling altar of Nemelex Xobeh.
   676 | D        | Bought a +0 pair of boots for 58 gold pieces
   925 | D        | Noticed a centaur warrior
   926 | D        | Noticed a centaur warrior
   930 | D        | Shot with an arrow by a centaur warrior

Illustrated notes

Levels and vault maps discovered:
D:        dungeon_sprint_1 [red_sonja_temple_1, red_sonja_temple_small_1]

Skill      XL: |  1  2  3  4  5  6 |
---------------+-------------------+-----
Fighting       | 5 7 9 11 | 11.6
Long Blades    | 5 7 10 12 | 12.2
Armour         | 3 4 5 7 |  7.2
Dodging        | 3 4 5 6 |  6.4
Stealth        | |  0.6
Unarmed Combat | |  0.1

Action                   |  1- 3 |  4- 6 |  7- 9 || total
-------------------------+-------+-------+-------++-------
Melee: Falchion          |     5 |    27 |       ||    32
       Headbutt          |     1 |     6 |       ||     7
       Unarmed           |     1 |       |       ||     1
Invok: Berserk           |     2 |     1 |     1 ||     4
Armor: Ring mail         |       |     3 |       ||     3
Dodge: Dodged            |     2 |     9 |       ||    11
